 Dungeon Crawl Stone Soup version 0.27.0-1-g7a089689b8 (webtiles) character file.

Game seed: 17679408160821540180

126 nicksoapdish the Changer (level 4, 0/19 HPs)
             Began as a Felid Transmuter on Aug 3, 2021.
             Splashed by a jelly's acid (9 damage)
             ... on level 4 of the Dungeon.
             The game lasted 00:13:08 (3246 turns).

nicksoapdish the Changer (Felid Transmuter)         Turns: 3246, Time: 00:13:08

Health: 0/19       AC:  1    Str:  6    XL:     4   Next: 83%
Magic:  5/8        EV: 18    Int: 15    God:
Gold:   127        SH:  0    Dex: 20    Spells: 2/8 levels left
                                        Lives:  0   Deaths: 1

rFire    . . .     SeeInvis +     - Unarmed
rCold    . . .     Faith    .   (shield unavailable)
rNeg     . . .     Spirit   .   (armour unavailable)
rPois    .         Reflect  .   (helmet unavailable)
rElec    .         Harm     .   (cloak unavailable)
rCorr    .         Rampage  .   (gloves unavailable)
Will     .....                  (boots unavailable)
Stlth    +++.......             a - amulet "Lacoudim" {Acrobat Regen+ Dex+3}
HPRegen  1.06/turn              c - +4 ring of protection
MPRegen  0.11/turn              (no ring)

@: appendages, wereblooded, corroded, quick
A: horns 2, very small, claws 1, fangs 3, see invisible, speed 1, shaggy fur 1,
stealthy paws, no weapons or thrown items, no armour, multi-lived
a: End Transformation


You were on level 4 of the Dungeon.
You had temporarily grown beastly horns.
You visited 1 branch of the dungeon, and saw 4 of its levels.

You collected 127 gold pieces.

Inventory:

Jewellery
 a - the amulet "Lacoudim" (around neck) {Acrobat Regen+ Dex+3}
   (You acquired it on level 2 of the Dungeon)

   [amulet of the acrobat]

   It increases your evasion while moving and waiting.
   Dex:       It affects your dexterity (+3).
   Regen:     It increases your rate of health regeneration.
 c - a +4 ring of protection (left paw)
Potions
 b - a potion of brilliance {unknown}
 d - a potion of invisibility {unknown}


   Skills:
 - Level 1.0 Fighting
 + Level 3.1 Dodging
 * Level 3.6 Stealth
 + Level 3.8 Unarmed Combat
 + Level 2.6 Spellcasting
 * Level 3.8 Transmutations
 * Level 1.1 Poison Magic


You had 2 spell levels left.
You knew the following spells:

 Your Spells              Type           Power      Damage    Failure   Level
a - Beastly Appendage     Tmut           26%        N/A       4%          1
b - Wereblood             Tmut           13%        N/A       7%          2
c - Spider Form           Tmut/Pois      4%         N/A       22%         3

Your spell library contained the following spells:

 Spells                   Type           Power      Damage    Failure   Level
 Sting                    Tmut/Pois      36%        1d4       8%          1
 Pain                     Necr           4%         1d4       22%         1
 Poisonous Vapours        Pois/Air       6%         N/A       26%         2
 Ice Form                 Ice/Tmut       7%         N/A       67%         4
 Olgreb's Toxic Radiance  Pois           5%         N/A       78%         4
 Agony                    Necr           1%         N/A       99%         5
 Excruciating Wounds      Necr           Unusable   N/A       N/A         5

Dungeon Overview and Level Annotations

Branches:
Dungeon (4/15)
 Temple: D:4-7

Altars:

Portals:
Abyss: D:3

Annotations:
D:3 2 transporters, Exaltedone87's ghost, amateur PaFi


Innate Abilities, Weirdness & Mutations

You have temporarily grown beastly horns.
You have sharp claws.
You have razor-sharp teeth.
You have supernaturally acute eyesight. (SInv)
You cover ground quickly. (Speed+)
You are covered in fur. (AC +1)
Your paws help you pounce on unaware monsters.
You are incapable of wielding weapons or throwing items.
You cannot wear armour.
You gain extra lives every three experience levels.


Message History

You enter the shallow water.
Moving in this stuff is going to be slow.
You enter the shallow water.
Moving in this stuff is going to be slow.
A ball python comes into view.
You enter the shallow water.
Moving in this stuff is going to be slow.
An orc comes into view. It is wielding a +0 mace.
A jelly comes into view.
The jelly quivers.
An orc comes into view. It is wielding a +0 club.
Casting: Beastly Appendage (safe; 4% risk of failure)
Confirm with . or Enter, or press ? or * to list all spells.
You grow a pair of large bovine horns.
Casting: Beastly Appendage (safe; 4% risk of failure)
Confirm with . or Enter, or press ? or * to list all spells.
Your blood is infused with primal strength.
The orc shouts! x2; The ball python hisses angrily.
You hear a shout!
An orc priest comes into view. It is wielding a +0 short sword.
An orc comes into view. It is wielding a +0 club.
The orc shouts!
The ball python completely misses you. The ball python closely misses you.
The orc moves out of view.
The orc priest shouts!
You scratch the ball python. You headbutt the ball python.
You kill the ball python!
You howl as the wereblood boils in your veins!
An orc comes into view. It is wielding a +0 dagger.
You scratch the jelly. The acid corrodes you!
Your paws burn!
The jelly is lightly wounded.
You scratch the jelly but do no damage.
Your paws burn!
You headbutt the jelly.
The jelly is heavily wounded.
The jelly completely misses you.
You scratch the jelly.
Your paws burn!
The jelly is heavily wounded.
The jelly misses you.
You scratch the jelly but do no damage.
Your paws burn!
You headbutt the jelly.
The jelly is heavily wounded.
The jelly hits you. The acid corrodes you!
You are splashed with acid!
You die...

#≈.≈≈≈.# #.#
#≈..≈≈≈###.######
#..≈≈≈...........
##.≈≈≈≈..#######>.
#..≈≈≈≈..#######..
###...≈≈≈.........). ..
.....≈≈≈≈...########
...o###.(≈≈.≈...########
#.oooJ@≈≈≈.≈...........
##.###..≈≈≈≈###########
#..≈≈.≈≈# #..≈≈≈≈≈≈#
##?.≈≈≈≈≈≈# ##.≈≈≈≈≈≈≈≈
###########


You could see a jelly, an orc priest and 3 orcs.

Vanquished Creatures
  A gnoll shaman (D:4)
  An orc wizard (D:3)
  A hound skeleton (D:4)
  3 gnolls
  3 adders
  An adder skeleton (D:4)
  A dart slug (D:3)
  7 orcs
  6 endoplasms
  3 giant cockroaches
  3 goblins
  5 hobgoblins
  9 jackals
  3 quokkas
  4 ball pythons
  7 bats
  A frilled lizard (D:3)
  2 kobolds
  5 rats
66 creatures vanquished.

Vanquished Creatures (others)
  An adder (D:2)
  A rat (D:2)
2 creatures vanquished.

Grand Total: 68 creatures vanquished

Notes
Turn   | Place    | Note
-------+----------+-------------------------------------------
     0 | D:1      | nicksoapdish the Felid Transmuter began the quest for the
                  | Orb.
     0 | D:1      | Reached XP level 1. HP: 9/9 MP: 4/4
   228 | D:1      | Reached skill level 1 in Stealth
   507 | D:1      | Reached XP level 2. HP: 11/12 MP: 4/6
   570 | D:1      | Learned a level 2 spell: Wereblood
  1076 | D:2      | Noticed a golden eye
  1079 | D:2      | Identified a scroll of acquirement
  1079 | D:2      | Acquired the amulet "Lacoudim" {Acrobat Regen+ Dex+3}
  1090 | D:2      | Found a faded altar of an unknown god.
  1094 | D:2      | Noticed an eye of devastation
  1102 | D:2      | Reached XP level 3. HP: 15/15 MP: 3/7
  1102 | D:2      | Noticed a great orb of eyes
  1102 | D:2      | Noticed a golden eye
  1115 | D:2      | Learned a level 3 spell: Spider Form
  2339 | D:3      | Reached XP level 4. HP: 19/19 MP: 6/8
  2346 | D:3      | Noticed a small abomination
  2354 | D:3      | Found a transporter.
  2392 | D:3      | Noticed a toenail golem
  2393 | D:3      | Found a one-way gate to the infinite horrors of the Abyss.
  2393 | D:3      | Noticed Exaltedone87's ghost (amateur PaFi)
  2396 | D:3      | Found a transporter.
  2396 | D:3      | Noticed a small abomination
  2697 | D:3      | You fall into a shaft and drop 1 floor!
  3046 | D:4      | Reached XP level 5. HP: 20/22 MP: 6/9
  3049 | D:4      | Slain by a gnoll
  3050 | D:4      | Reached XP level 4. HP: -4/19 MP: 7/8
  3119 | D:4      | Reached skill level 1 in Poison Magic
  3246 | D:4      | Splashed by a jelly's acid

Illustrated notes

Levels and vault maps discovered:
D:1:      ebering_hopf_link, layout_basic, hangedman_decor_points,
          glass_columns_a, chequers_serial_rivers_small_a, minmay_crystal_room
D:2:      layout_loops_cross, hellmonk_ecumenical_altar_watching_god,
          hangedman_abyss_or_decor_lesser_grid, supply_closet_lemuel,
          minmay_strange_pillars, lemuel_flame_loot_1
D:3:      layout_loops_corners, gammafunk_ghost_abyssal_escape
D:4:      layout_loops_ring, chequers_serial_rivers_large_a, grunt_ministairs_9

Skill      XL: |  1  2  3  4 |
---------------+-------------+-----
Stealth        | 1 2 3 |  3.6
Dodging        | 3 |  3.1
Transmutations | 3 |  3.8
Poison Magic   | 1 |  1.1
Fighting       | |  1.0
Unarmed Combat | |  3.8
Spellcasting   | |  2.6

Action                   |  1- 3 |  4- 6 || total
-------------------------+-------+-------++-------
Melee: Unarmed           |   113 |    87 ||   200
       Bite              |     8 |     8 ||    16
       Headbutt          |     9 |    21 ||    30
 Cast: Beastly Appendage |    30 |    16 ||    46
       Wereblood         |     9 |     7 ||    16
  Use: Scroll            |     2 |     1 ||     3
       Potion            |       |     1 ||     1
 Stab: Sleeping          |     5 |     3 ||     8
Armor: Skin              |    16 |     6 ||    22
Dodge: Dodged            |    78 |    67 ||   145
